 Dungeon Crawl Stone Soup version 0.22-a0-305-gd21a89c (webtiles) character file.

46 ololoev the Firebug (level 3, -3/25 (26) HPs)
             Began as a Ghoul Fire Elementalist on Mar 29, 2018.
             Slain by an orc
             ... wielding a +0 club
              (7 damage)
             ... on level 3 of the Dungeon.
             The game lasted 00:05:34 (1856 turns).

ololoev the Firebug (Ghoul Fire Elementalist)       Turns: 1856, Time: 00:05:34

HP:   -3/25 (26)    AC:  2    Str: 11    XL:     3   Next: 66%
MP:   5/5           EV: 12    Int: 11    God:
Gold: 36            SH:  0    Dex:  9    Spells: 2/6 levels left

rFire    . . .     SeeInvis .   a - -2 hunting sling (curse)
rCold    + . .     Gourm    .   (no shield)
rNeg     + + +     Faith    .   j - +0 robe
rPois    ∞         Spirit   .   (no helmet)
rElec    .         Reflect  .   (no cloak)
rCorr    .         Harm     .   (no gloves)
MR       .....                  (no boots)
Stlth    ++........             (no amulet)
HPRegen  0.00/turn              (no ring)
MPRegen  0.09/turn              (no ring)

@: rotting
A: rotting body, claws 1, carnivore, cold resistance 1, negative energy
resistance 3, inhibited regeneration, torment resistance, unbreathing
a: no special abilities


Innate Abilities, Weirdness & Mutations

Your body is rotting away.
You thrive on raw meat.
You are immune to poison.
You have sharp fingernails.
You are carnivorous and can eat meat at any time.
Your flesh is cold resistant. (rC+)
You are immune to negative energy. (rN+++)
You do not regenerate when monsters are visible.
You are immune to unholy pain and torment.
You can survive without breathing.

Inventory:

Hand Weapons
 a - a cursed -2 hunting sling (weapon)
 b - a +0 dagger
 o - a +1 mace of protection
Missiles
 k - 13 stones (quivered)
Armour
 j - a +0 robe (worn)
Scrolls
 f - a scroll of fear
 g - a scroll of teleportation {unknown}
 l - a scroll of fog
 m - a scroll of enchant armour {unknown}
Potions
 d - a potion of curing
 e - a potion of brilliance {unknown}
 h - a potion of resistance {unknown}
 i - a potion of ambrosia {unknown}
Comestibles
 c - a ration
 n - 9 chunks of flesh


   Skills:
 - Level 1.7 Dodging
 - Level 2.1 Stealth
 + Level 2.2 Spellcasting
 * Level 2.0 Conjurations
 + Level 2.8 Fire Magic


You had 2 spell levels left.
You knew the following spells:

 Your Spells              Type           Power        Failure   Level  Hunger
a - Flame Tongue          Conj/Fire      #....        11%         1    ##.....
b - Conjure Flame         Conj/Fire      #.......     30%         3    ####...


You were on level 3 of the Dungeon.
You were not hungry.

You visited 1 branch of the dungeon, and saw 3 of its levels.

You collected 36 gold pieces.

.##....# #.# #.# .#.....#
#o##########.# .##...##
#.......)....##### .###[##
#w#######.........
.###>###########(# #.###.####
.#............##(# #.# #.#
.#.#.########.##(# #.# #.#
.#.#.....# #.##(# ##.###.##
.#
#####.####.##@######...#...#
.#
##.#......oo............#.#
.#
#.....o......######........?.
.# ##.#.####.#### ##.########
.# # #.# #.# ...# .# #.# #.#
#.#### ## #o# #.# # # o.. ..#
..# ###

Notes
Turn   | Place    | Note
-------+----------+-------------------------------------------
     0 | D:1      | ololoev the Ghoul Fire Elementalist began the quest for the Orb.
     0 | D:1      | Reached XP level 1. HP: 14/14 MP: 2/2
    28 | D:1      | Reached skill level 1 in Conjurations
   163 | D:1      | Reached XP level 2. HP: 6/20 MP: 1/3
   950 | D:2      | Found a stormy altar of Qazlal.
   964 | D:2      | Reached XP level 3. HP: 19/26 MP: 1/5
  1044 | D:2      | Learned a level 3 spell: Conjure Flame
  1251 | D:2      | Found a shimmering altar of Xom.
  1251 | D:2      | Found a shimmering altar of Xom.
  1431 | D:2      | Found a shimmering altar of Xom.
  1431 | D:2      | Found a shimmering altar of Xom.
  1435 | D:2      | Found a shimmering altar of Xom.
  1435 | D:2      | Found a shimmering altar of Xom.
  1435 | D:2      | Found a shimmering altar of Xom.
  1516 | D:2      | You fall through a shaft!
  1856 | D:3      | Slain by an orc

Dungeon Overview and Level Annotations

Branches:
Dungeon (2/15)

Altars:
Qazlal
Xom


Message History

You shoot a stone. The stone hits the orc.
The orc is heavily wounded.
The orc hits you with a mace of protection.
You are too injured to fight recklessly!
You are too injured to fight recklessly!
You are too injured to fight recklessly!
You are too injured to fight recklessly!
You are too injured to fight recklessly!
You are too injured to fight recklessly!
You are too injured to fight recklessly!
You are too injured to fight recklessly!
You are too injured to fight recklessly!
You are too injured to fight recklessly!
You are too injured to fight recklessly!
You are too injured to fight recklessly!
You are too injured to fight recklessly!
Casting: Conjure Flame (safe; 32% risk of failure)
Confirm with . or Enter, or press ? or * to list all spells.
Aiming: Flame Tongue (safe; 11% risk of failure)
Press: ? - help, Shift-Dir - straight line, f/p - orc
Aim: an orc, wielding a mace of protection and wearing a leather armour (heavily wounded)
You miscast Flame Tongue.
You are very lightly contaminated with residual magic.
You hear a sizzling sound.
Casting: Flame Tongue (safe; 11% risk of failure)
Confirm with . or Enter, or press ? or * to list all spells.
Aiming: Flame Tongue (safe; 11% risk of failure)
Press: ? - help, Shift-Dir - straight line, f/p - orc
Aim: an orc, wielding a mace of protection and wearing a leather armour (heavily wounded)
The flame tongue hits the orc.
You kill the orc!
An orc priest comes into view. It is wielding a short sword.
Casting: Flame Tongue (safe; 11% risk of failure)
Confirm with . or Enter, or press ? or * to list all spells.
Aiming: Flame Tongue (safe; 11% risk of failure)
Press: ? - help, Shift-Dir - straight line, f - orc
Aim: an orc (moderately wounded)
The flame tongue hits the orc.
You kill the orc!
Your magical contamination has completely faded away.
There is an open door here.
You close the door.
Okay, then.
You start resting.
There is an open door here.
You close the door.
Something unseen opens the door.
A dart slug comes into view.
The dart slug moves out of view.
The dart slug launches a dart at you. The slug dart hits you!
k - 12 stones (gained 4)
Items here: )) [ †† a mace of protection; a leather armour; a falchion; an orc corpse x2
Okay, then.
Butcher an orc corpse? [(y)es/(n)o/(a)ll/(q)uit/?]
You butcher the orc corpse. x2
n - 4 chunks of flesh;
n - 7 chunks of flesh (gained 3)
Things that are here:
a mace of protection; a leather armour; a falchion
o - a mace of protection
k - 13 stones (gained 1)
Things that are here:
a dagger; a scale mail; an orc corpse You butcher the orc corpse.
Things that are here:
a dagger; a scale mail; 2 chunks of flesh
n - 9 chunks of flesh (gained 2)
There is a stone staircase leading down here.
You see here 2 stones.
You see here 3 stones.
You see here a stone.
The orc priest mumbles some strange prayers to Beogh against you.
Beogh smites you!
Ouch! That really hurt!
You see here a stone.
An orc comes into view.
The orc shouts! x2
The orc hits you with a club!
You die...

You could see an orc priest, an orc wizard, a dart slug and 2 orcs.

Vanquished Creatures
  An adder (D:2)
  2 dart slugs
  4 orcs (D:3)
  5 bats
  A giant cockroach (D:2)
  3 goblins
  2 hobgoblins (D:1)
  7 kobolds
  A quokka (D:2)
  4 rats
30 creatures vanquished.

Action                   || total
-------------------------++-------
Melee: Dagger            ||    41
 Fire: Hunting sling     ||    88
 Cast: Flame Tongue      ||    20
       Conjure Flame     ||     1
  Use: Scroll            ||     4
 Stab: Sleeping          ||     2
  Eat: Chunk             ||     8
Armor: Robe              ||    27
Dodge: Dodged            ||   114

Vault maps used:
D:1:      matt_arrival_spirals
D:2:      xom_redecorated, nicolae_qazlal_general_emergency
D:3:      overflow_temple_1_default, old_standard_altar, first_ration,
          nrook_uturn
